 Dungeon Crawl Stone Soup version 0.26-a0-602-gd42a14c23b (webtiles) character file.

Game seed: 3417277505464504127

253213 MrRokkomies the Nimble (level 18, -13/81 HPs)
             Began as a Felid Ice Elementalist on Aug 28, 2020.
             Was an Initiate of Gozag.
             Blown up by a lich (43 damage)
             ... with a wavering orb of destruction
             ... on level 2 of the Vaults on Aug 31, 2020.
             The game lasted 04:10:51 (67283 turns).

MrRokkomies the Nimble (Felid Ice Elementalist)    Turns: 67283, Time: 04:10:51

Health: -13/81     AC:  3    Str:  5    XL:     18   Next: 99%
Magic:  4/35       EV: 30    Int: 28    God:    Gozag
Gold:   5301       SH:  0    Dex: 17    Spells: 3/41 levels left
                                        Lives:  0   Deaths: 5

rFire    + + +     SeeInvis +     - Unarmed
rCold    + + .     Faith    .   (shield unavailable)
rNeg     + . .     Spirit   .   (armour unavailable)
rPois    .         Reflect  .   (helmet unavailable)
rElec    +         Harm     .   (cloak unavailable)
rCorr    +                      (gloves unavailable)
MR       ++++.                  (boots unavailable)
Stlth    +++++.....             y - amulet of the Messenger {RegenMP *Corrode rF+++ MR+ Str-2}
HPRegen  0.23/turn              Q - ring of Pivyevei {rF+ rC+ rN+ Int+4}
MPRegen  0.49/turn              I - ring of Nupuhaatuh {rElec MR+ rCorr Str+3 Slay+5}

@: no potions, gold aura, lightly drained, quick
A: very small, no armour, no weapons or thrown items, stealth, claws 1, fangs 3,
see invisible, speed 1, shaggy fur 3, sharp paws
}: 2/15 runes: decaying, serpentine
a: Potion Petition, Call Merchant, Bribe Branch, Renounce Religion


You were on level 2 of the Vaults.
You worshipped Gozag.
Gozag was greatly pleased with you.
You visited 7 branches of the dungeon, and saw 34 of its levels.
You also visited: Trove, Gauntlet and Ice Cave.

You collected 17983 gold pieces.
You spent 7363 gold pieces at shops.
You paid 5319 gold pieces to Gozag.

Inventory:

Jewellery
 h - an uncursed ring of poison resistance
 r - an uncursed ring of flight
 y - the amulet of the Messenger (around neck) {RegenMP *Corrode rF+++ MR+ Str-2}
   (You found it on level 5 of the Lair of Beasts)

   [amulet of magic regeneration]

   It increases your magic regeneration.
   It affects your strength (-2).
   It renders you almost immune to fire.
   It affects your resistance to hostile enchantments.
   It may corrode you when you take damage.
 I - the ring of Nupuhaatuh (right paw) {rElec MR+ rCorr Str+3 Slay+5}
   (You bought it in a shop on level 3 of the Lair of Beasts)

   [ring of resist corrosion]

   It affects your strength (+3).
   It affects your accuracy and damage with ranged weapons and melee attacks
   (+5).
   It insulates you from electricity.
   It affects your resistance to hostile enchantments.
   It provides partial protection from all sources of acid and corrosion.
 O - an uncursed ring of positive energy
 Q - the ring of Pivyevei (left paw) {rF+ rC+ rN+ Int+4}
   (You found it in a Gauntlet)

   [ring of positive energy]

   It affects your intelligence (+4).
   It protects you from fire.
   It protects you from cold.
   It protects you from negative energy.
Wands
 e - a wand of digging (14)
 o - a wand of polymorph (10)
 q - a wand of paralysis (28)
 t - a wand of iceblast (72)
 H - a wand of enslavement (9)
 M - a wand of acid (41)
 P - a wand of flame (6)
Scrolls
 i - 3 scrolls of immolation
 j - 2 scrolls of fog
 k - 19 scrolls of remove curse
 p - 5 scrolls of magic mapping
 A - a scroll of summoning
 B - 7 scrolls of teleportation
 D - 2 scrolls of amnesia
 K - 11 scrolls of identify
Potions
 a - 4 potions of invisibility
 b - 5 potions of magic
 d - 3 potions of might
 f - 2 potions of stabbing
 g - 3 potions of flight
 l - 7 potions of ambrosia
 n - a potion of resistance
 u - a potion of cancellation
 v - 9 potions of heal wounds
 x - 2 potions of berserk rage
 z - 11 potions of haste
 C - 5 potions of brilliance
 G - 5 potions of mutation
 S - 3 potions of curing
Miscellaneous
 c - a condenser vane (2/2)
 m - a phantom mirror
 s - a lightning rod (4/4)
 E - a box of beasts (3/3)
 F - a phial of floods
 L - a tin of tremorstones (3/3)


   Skills:
 - Level 10.5(10.3) Fighting
 - Level 14.0(13.8) Dodging
 - Level 10.0(9.8) Stealth
 + Level 12.8(12.7) Unarmed Combat
 * Level 12.2(12.0) Spellcasting
 + Level 9.8(9.7) Conjurations
 - Level 12.2(12.0) Hexes
 - Level 4.0(3.8) Summonings
 - Level 13.0(12.8) Ice Magic
 - Level 6.0(5.8) Air Magic
 * Level 13.3(13.2) Earth Magic
 - Level 10.0(9.8) Evocations


You had 3 spell levels left.
You knew the following spells:

 Your Spells              Type           Power        Failure   Level
a - Iron Shot             Conj/Erth      ######....   4%          6
b - Frozen Ramparts       Ice            ######       1%          3
c - Ozocubu's Armour      Ice            ######..     1%          3
d - Summon Ice Beast      Ice/Summ       ######..     1%          4
f - Silence               Hex/Air        ######....   2%          5
g - Ozocubu's Refrigerat  Ice            ######....   2%          6
h - Invisibility          Hex            ######..     3%          6
i - Lee's Rapid Deconstr  Erth           ######....   1%          5

Your spell library contained the following spells:

 Spells                   Type           Power        Failure   Level
 Freeze                   Ice            ####         0%          1
 Passwall                 Tmut/Erth      ######..     1%          2
 Swiftness                Air            #####...     1%          2
 Confusing Touch          Hex            ######..     1%          3
 Beastly Appendage        Tmut           ###...       3%          1
 Wereblood                Tmut           ###.....     4%          2
 Gell's Gravitas          Tloc           ###.......   10%         3
 Spider Form              Tmut/Pois      ###.......   10%         3
 Cause Fear               Hex            ######....   1%          4
 Hailstorm                Conj/Ice       ######..     1%          4
 Leda's Liquefaction      Hex/Erth       ######....   1%          4
 Metabolic Englaciation   Hex/Ice        ######....   1%          5
 Ice Form                 Ice/Tmut       ######..     2%          4
 Petrify                  Tmut/Erth      ######..     2%          4
 Summon Mana Viper        Hex/Summ       ######..     3%          5
 Bolt of Magma            Conj/Fire/Erth ######....   4%          5
 Yara's Violent Unravell  Hex/Tmut       ######....   8%          5
 Freezing Cloud           Conj/Ice/Air   ######....   11%         6
 Summon Demon             Summ           #####.....   19%         5
 Passage of Golubria      Tloc           N/A          32%         4
 Statue Form              Tmut/Erth      ######...    32%         6
 Simulacrum               Ice/Necr       ######....   34%         6
 Summon Forest            Summ/Tloc      ####......   38%         5
 Blade Hands              Tmut           ###.......   65%         5
 Shadow Creatures         Summ           N/A          71%         6
 Discord                  Hex            ######....   83%         8
 Summon Hydra             Summ           #####.....   99%         7
 Shatter                  Erth           ######....   100%        9


Dungeon Overview and Level Annotations

Branches:
Dungeon (15/15)            Temple (1/1) D:4            Lair (6/6) D:11
  Swamp (4/4) Lair:4        Snake (4/4) Lair:2        Slime (0/5) Lair:5
    Orc (2/2) D:9             Elf (0/3) Orc:2        Vaults (2/5) D:14
 Depths (0/5) D:15          IceCv (visited)         Gauntlet (visited)
  Crypt: Vaults:2-3

Altars:
Ashenzari
Cheibriados
Dithmenos
Elyvilon
Fedhas
Gozag
Hepliaklqana
Kikubaaqudgha
Makhleb
Nemelex Xobeh
Okawaru
Qazlal
Ru
Sif Muna
Trog
Uskayaw
Vehumet
Wu Jian
Xom
Yredelemnul
Zin
The Shining One
Beogh

Shops:
D:5 *   D:7 }   D:9 =:   D:14 !   Orc:2 [?:?   Lair:3 =   Snake:1 }=}
Snake:2 !??:   Snake:3 ?==   Vaults:1 =

Portals:
Pandemonium: Orc:2

Annotations:
D:4 Menkaure
D:11 3 runed translucent doors, ZangPog's ghost, journeyman DsGl
D:12 3 runed translucent doors, DarkMoon's ghost, journeyman DDNe
Lair:3 exclusion: 3 oklob plants
Orc:1 3 runed translucent doors, Nin Qimu's ghost, journeyman DrCj


Innate Abilities, Weirdness & Mutations

You cannot wear armour.
You are incapable of wielding weapons or throwing items.
Your paws allow you to move quietly. (Stealth)
You have sharp claws.
You have razor-sharp teeth.
You have supernaturally acute eyesight. (SInv)
You cover ground quickly.
Your thick and shaggy fur keeps you warm. (AC +3, rC+)
Your sharp claws are effective at attacking unaware monsters.


Message History

You scratch the lich.
The lich is severely damaged.
You closely miss the lich.
The lich is severely damaged.
The lich resists.
The wall freezes the lich.
The lich touches you!
You closely miss the lich. You bite the lich.
The lich is severely damaged.
The frozen ramparts melt away.
The lich points at you and mumbles some strange words.
The bolt of lightning misses you.
Evoke which item? (* to show all) (? for menu, Esc to quit)
Aiming: Corrosive Bolt
Press: ? - help, Shift-Dir - straight line, f/p - lich
Aim: a lich (severely damaged)
The bolt of acid hits the lich!!
The lich is splashed with acid.
The lich is almost destroyed.
The lich conjures an orb of pure magic.
The wavering orb of destruction weakly hits you!!!
Ouch! That really hurt!
You die...

#...##''##...# #..+.'..# #
#....#..#....# #..#'#..# #
#............# ###..####
#....#..#....# #..#
###########'##########'########
...........................
...........................
..........$................
.........[@...$.......)....
..........L(...............
###########$###########..).
#..........# #.... #..$$......#
#.... #..........# #.)..
#..........# #)... #..........#
#.).. #..........# #....


You could see a lich.

Vanquished Creatures
  Jorgrun (D:14)
  3 thorn hunters
  Agnes (Snake:2)
  Kirke (Lair:5)
  5 nagarajas
  A fire giant (Vaults:2)
  An orc warlord (Orc:1)
  2 vault wardens
  Louise (Swamp:4)
  2 hydra zombies (Swamp:4)
  3 ironheart preservers
  A stone giant (Vaults:2)
  A vampire knight (Swamp:4)
  A minotaur (Gauntlet)
  An ettin (Orc:2)
  A fire dragon (Vaults:1)
  Josephine (Orc:1)
  6 yaktaur captains
  6 vault guards
  9 naga warriors
  A rakshasa (Vaults:1)
  15 hydras
  A ghost crab (Swamp:4)
  2 catoblepae
  Erica (D:8)
  A shambling mangrove (Swamp:4)
  4 ogre magi
  5 alligators
  4 centaur warriors
  4 anacondas
  11 two-headed ogres
  3 death yaks (Lair:5)
  A deep troll earth mage (D:15)
  2 deep troll shamans (Vaults:1)
  6 orc high priests (Orc:2)
  3 shock serpents
  13 naga sharpshooters
  Nergalle (Orc:1)
  A storm dragon skeleton (Vaults:1)
  3 salamander mystics (Snake:4)
  A skeletal warrior (D:15)
  2 spriggan druids (Swamp:4)
  3 deep trolls (Vaults:1)
  2 infernal demonspawn (Orc:2)
  A flayed ghost (D:15)
  7 naga ritualists
  5 ironbrand convokers
  2 spectral hydras (Swamp:4)
  A deep elf archer (Vaults:1)
  A lindwurm (Lair:6)
  5 swamp dragons
  A phantasmal warrior (D:15)
  3 necromancers
  11 ugly things
  4 wizards
  A wolf spider (Vaults:1)
  9 mana vipers
  A tengu skeleton (Vaults:1)
  7 orc knights
  4 orc sorcerers (Orc:2)
  A stone giant zombie (D:15)
  3 oklob plants (Swamp:4)
  10 cyclopes
  A sphinx skeleton (D:15)
  11 salamanders
  A manticore (Lair:6)
  2 guardian serpents
  6 elephants (Lair:6)
  2 human skeletons (Vaults:1)
  3 vault sentinels
  2 ice statues (IceCv)
  3 molten gargoyles (Lair:6)
  41 black mambas
  A gargoyle (D:15)
  23 naga magi
  8 cane toads
  6 komodo dragons
  2 rime drakes (Lair:6)
  An efreet (D:13)
  A freezing wraith (D:15)
  2 kobold demonologists
  13 yaktaurs
  A guardian mummy (D:15)
  4 ice devils (IceCv)
  A polar bear (Lair:3)
  A queen bee (Lair:1)
  6 tyrant leeches
  9 trolls
  Prince Ribbit (D:5)
  Grinder (D:6)
  A harpy zombie (D:12)
  7 hornets
  22 slime creatures
  A harpy skeleton (D:14)
  An ice dragon zombie (Vaults:1)
  A death drake skeleton (Swamp:4)
  A deep troll zombie (D:15)
  An ettin zombie (Vaults:1)
  6 dream sheep
  11 hippogriffs
  10 flying skulls (Gauntlet)
  6 spriggans
  4 wraiths
  8 wyverns
  A shadow (D:14)
  A spriggan skeleton (D:15)
  2 hogs (Lair:5)
  A yak (shapeshifter) (D:15)
  24 yaks
  4 steam dragons
  4 basilisks
  3 humans
  12 vampire mosquitoes
  4 wargs
  8 insubstantial wisps
  31 nagas
  6 water moccasins
  2 acid dragons (D:15)
  12 swamp worms
  A floating eye (shapeshifter) (Vaults:1)
  Duvessa (D:6)
  2 hydra simulacra (Swamp:4)
  4 hell hounds (Lair:6)
  5 porcupines
  54 orc warriors
  3 black bears
  10 swamp drakes
  4 sky beasts
  An elf zombie (Vaults:1)
  A swamp dragon zombie (Swamp:4)
  A phantom (D:10)
  An eye of draining (D:15)
  An ice beast (D:7)
  A necrophage (D:6)
  A boggart (Vaults:1)
  22 ogres
  10 wolves
  12 centaurs
  7 crocodiles
  An elf simulacrum (Vaults:1)
  A big kobold (D:12)
  Blork the orc (D:6)
  2 gnoll sergeants
  10 bullfrogs
  4 scorpions
  A wyvern skeleton (D:6)
  Dowan (D:6)
  32 killer bees
  A howler monkey (D:5)
  3 wights (D:9)
  5 electric eels
  4 lava snakes (Lair:6)
  2 centaur zombies
  4 jellies
  A quasit (D:6)
  A yaktaur simulacrum (Vaults:1)
  A hound (shapeshifter) (D:15)
  2 centaur skeletons
  31 orc priests
  4 bullfrog skeletons
  4 hounds
  22 orc wizards
  Crazy Yiuf (D:6)
  Ijyb (D:4)
  5 iguanas
  9 worker ants
  2 hound skeletons
  2 worker ant zombies
  18 adders
  10 gnolls
  2 shadow imps
  11 white imps
  6 ufetubi
  5 oozes
  2 adder zombies
  An adder skeleton (D:4)
  3 worms
  A dart slug (D:2)
  5 leopard geckos
  89 orcs
  A ball python (D:2)
  10 bats
  6 giant cockroaches
  11 goblins
  6 hobgoblins
  14 jackals
  7 kobolds
  4 quokkas
  4 frilled lizards
  A giant cockroach zombie (D:6)
  A leopard gecko zombie (D:7)
  3 quokka skeletons (D:4)
  9 rats
  31 briar patches (Swamp:4)
1124 creatures vanquished.

Vanquished Creatures (collateral kills)
  Nikola (Swamp:3)
  2 thorn hunters
  A vampire knight (Swamp:4)
  A very ugly thing (Swamp:1)
  A fire dragon (Lair:6)
  Harold (D:9)
  2 naga warriors
  A hydra (Swamp:4)
  A centaur warrior (D:15)
  An anaconda (Snake:4)
  6 alligators
  3 two-headed ogres
  Sonja (D:10)
  2 spectral hydras (Swamp:4)
  3 naga ritualists (Snake:4)
  An orc knight (Orc:2)
  3 swamp dragons
  A gelid demonspawn (Orc:2)
  A flayed ghost (Swamp:4)
  3 mana vipers
  An orc sorcerer (Orc:2)
  3 salamanders
  A centaur zombie (D:11)
  9 black mambas
  2 guardian serpents (Snake:3)
  5 elephants
  A naga mage (Snake:4)
  2 torpor snails
  3 cane toads
  4 rime drakes
  An ice devil (IceCv)
  2 trolls (D:9)
  5 death drake zombies (Swamp:4)
  2 hornets (Swamp:1)
  2 polar bears
  9 tyrant leeches
  A hydra zombie (Swamp:4)
  3 hydra skeletons (Swamp:4)
  3 blink frogs (Lair:3)
  18 slime creatures
  10 dream sheep
  2 bog bodies
  4 hippogriffs (Lair:6)
  A flying skull (Gauntlet)
  A spriggan (Swamp:1)
  A shadow (Swamp:4)
  2 wraiths (D:9)
  3 wyverns
  2 humans (D:9)
  7 basilisks
  A neqoxec (Orc:2)
  Grum (D:9)
  14 yaks
  A steam dragon (Lair:6)
  3 vampire mosquitoes
  11 swamp worms
  5 nagas
  A hell hound (Lair:6)
  A water moccasin (Lair:1)
  A swamp drake (Swamp:4)
  An orc warrior (D:7)
  An ogre (D:9)
  A swamp dragon zombie (Swamp:4)
  4 wolves
  5 centaurs
  3 crocodiles
  A bullfrog (Lair:5)
  A scorpion (D:13)
  A killer bee (Lair:1)
  2 wights (D:9)
  A wyvern simulacrum (D:14)
  2 orc priests (Orc:2)
  A hound skeleton (D:10)
  A shadow imp (D:9)
  A white imp (D:10)
  3 orcs
214 creatures vanquished.

Vanquished Creatures (others)
  A nagaraja (Snake:4)
  A reaper (IceCv)
  A hydra (Swamp:4)
  A two-headed ogre (Vaults:2)
  An orc high priest (Orc:2)
  2 naga sharpshooters (Snake:4)
  A guardian serpent (Snake:4)
  A rust devil (Orc:2)
  A black mamba (Snake:4)
  2 naga magi (Snake:4)
  5 dream sheep (D:6)
  A wyvern (Lair:6)
  A human (Lair:5)
  5 nagas (Snake:4)
  A crocodile (Snake:2)
  6 white imps (IceCv)
  5 ufetubi (IceCv)
  A quokka (D:15)
  2 bushes (Lair:6)
  54 fungi
  141 plants
  6 withered plants (D:15)
240 creatures vanquished.

Grand Total: 1578 creatures vanquished

Notes
Turn   | Place    | Note
-------+----------+-------------------------------------------
     0 | D:1      | MrRokkomies the Felid Ice Elementalist began the quest for
                  | the Orb.
     0 | D:1      | Reached XP level 1. HP: 7/7 MP: 4/4
   161 | D:1      | Reached skill level 3 in Dodging
   213 | D:1      | Reached XP level 2. HP: 11/11 MP: 3/6
  1011 | D:2      | Reached XP level 3. HP: 14/14 MP: 5/7
  1016 | D:2      | Learned a level 3 spell: Frozen Ramparts
  1027 | D:2      | Reached skill level 1 in Unarmed Combat
  1479 | D:2      | Reached XP level 4. HP: 17/18 MP: 4/8
  1694 | D:2      | Reached skill level 4 in Dodging
  2533 | D:3      | Learned a level 3 spell: Ozocubu's Armour
  3090 | D:3      | Reached XP level 5. HP: 21/21 MP: 6/9
  3827 | D:4      | Reached skill level 5 in Dodging
  3871 | D:4      | Found a staircase to the Ecumenical Temple.
  3880 | Temple   | Entered the Ecumenical Temple
  4000 | Temple   | Became a worshipper of Gozag Ym Sagoz the Greedy
  4064 | D:4      | Noticed Menkaure
  4103 | D:4      | Gained mutation: You are covered in thick fur. (AC +2)
                  | [Felid growth]
  4103 | D:4      | Reached XP level 6. HP: 24/24 MP: 3/10
  4277 | D:4      | Found a shattered altar of Ashenzari.
  4774 | D:4      | Noticed Ijyb
  4777 | D:4      | Paralysed by Ijyb for 6 turns
  4786 | D:4      | Paralysed by Ijyb for 5 turns
  4791 | D:4      | Killed Ijyb
  4791 | D:4      | Reached skill level 5 in Ice Magic
  5213 | D:5      | Entered Level 5 of the Dungeon
  5213 | D:5      | Noticed a steam dragon
  5214 | D:5      | Noticed a steam dragon
  5229 | D:5      | Found Yshitwad's Assorted Antiques.
  5245 | D:5      | Killed from afar by a steam dragon
  5246 | D:5      | Reached XP level 5. HP: -7/21 MP: 9/9
  5254 | D:5      | Killed a steam dragon
  5254 | D:5      | Reached skill level 6 in Dodging
  5254 | D:5      | Reached XP level 6. HP: 20/24 MP: 1/10
  5256 | D:5      | Killed a steam dragon
  5256 | D:5      | Reached skill level 5 in Stealth
  5257 | D:5      | Noticed Prince Ribbit
  5586 | D:5      | Reached XP level 7. HP: 27/27 MP: 2/11
  5981 | D:5      | Found a bloodstained altar of Trog.
  6153 | D:5      | Reached skill level 7 in Dodging
  6432 | D:5      | Slain by Prince Ribbit
  6433 | D:5      | Reached XP level 6. HP: -2/24 MP: 4/10
  6456 | D:5      | Noticed an ice beast
  6496 | D:5      | Killed Prince Ribbit
  6496 | D:5      | Reached XP level 7. HP: 23/27 MP: 2/11
  6871 | D:5      | Reached skill level 8 in Dodging
  7647 | D:6      | Noticed Grinder
  8166 | D:6      | Reached XP level 8. HP: 13/31 MP: 6/13
  8456 | D:6      | Reached skill level 9 in Dodging
  8603 | D:6      | Learned a level 4 spell: Summon Ice Beast
  8610 | D:6      | Noticed Duvessa
  8610 | D:6      | Noticed Dowan
  8637 | D:6      | Killed Dowan
  8810 | D:6      | Noticed Blork the orc
  8818 | D:6      | Killed Blork the orc
  9000 | D:6      | Noticed a dream sheep
  9000 | D:6      | Noticed a dream sheep
  9000 | D:6      | Noticed a dream sheep
  9000 | D:6      | Noticed a dream sheep
  9000 | D:6      | Noticed a dream sheep
  9000 | D:6      | Found a shimmering altar of Xom.
  9006 | D:6      | Killed a dream sheep
  9006 | D:6      | Killed a dream sheep
  9006 | D:6      | Killed a dream sheep
  9006 | D:6      | Killed a dream sheep
  9006 | D:6      | Killed a dream sheep
  9034 | D:6      | Killed Grinder
  9034 | D:6      | Reached skill level 1 in Summonings
  9289 | D:6      | Killed Duvessa
  9583 | D:6      | Found a runed translucent door.
  9584 | D:6      | Noticed Crazy Yiuf
  9751 | D:6      | Killed Crazy Yiuf
  9921 | D:7      | Noticed a hippogriff
  9934 | D:7      | Killed a hippogriff
  9937 | D:6      | Reached XP level 9. HP: 22/34 MP: 2/15
 10246 | D:7      | Reached skill level 5 in Unarmed Combat
 10544 | D:7      | Reached skill level 10 in Dodging
 10935 | D:7      | Reached skill level 1 in Evocations
 11232 | D:7      | Found a sacrificial altar of Ru.
 11293 | D:7      | Bought a wand of paralysis (10) for 120 gold pieces
 11293 | D:7      | Bought a lightning rod (4/4) for 400 gold pieces
 11298 | D:7      | Learned a level 4 spell: Hailstorm
 11311 | D:8      | Noticed a brown ugly thing
 11398 | D:8      | Noticed Erica
 11410 | D:8      | Killed Erica
 11637 | D:8      | Reached XP level 10. HP: 37/37 MP: 15/17
 11838 | D:8      | Killed a brown ugly thing
 12602 | D:9      | Found a staircase to the Orcish Mines.
 12618 | D:9      | Reached skill level 5 in Spellcasting
 12819 | D:8      | Mangled by a yak
 12820 | D:8      | Reached XP level 9. HP: -11/34 MP: 15/17
 12961 | D:8      | Reached skill level 5 in Evocations
 13344 | D:9      | Found a hazy altar of Hepliaklqana.
 13344 | D:9      | Noticed Harold
 13360 | D:9      | Killed Harold
 13364 | D:9      | Found a stormy altar of Qazlal.
 13525 | D:9      | Noticed a troll
 13543 | D:9      | Killed a troll
 13562 | D:9      | Reached XP level 10. HP: 37/37 MP: 5/18
 13890 | D:9      | Found Cosamn's Jewellery Shoppe.
 13893 | D:9      | Noticed Grum
 13905 | D:9      | Killed Grum
 14181 | D:9      | Reached skill level 10 in Ice Magic
 14277 | D:9      | Bought a +4 ring of protection for 540 gold pieces
 14754 | D:10     | Entered Level 10 of the Dungeon
 14981 | D:10     | Found a basalt altar of Yredelemnul.
 15461 | D:10     | Noticed Sonja
 15496 | D:10     | Killed Sonja
 15641 | D:10     | Upgraded the game from 0.26-a0-598-g61e6210cf4 to
                  | 0.26-a0-599-gc8f6553d2c
 15756 | D:11     | Found a staircase to the Lair.
 16256 | D:11     | Found a runed translucent gate.
 16256 | D:11     | Found a runed translucent gate.
 16256 | D:11     | Found a runed translucent gate.
 16256 | D:11     | Noticed a spectral centaur warrior
 16268 | D:11     | Noticed ZangPog's ghost (journeyman DsGl)
 16785 | Lair:1   | Entered Level 1 of the Lair of Beasts
 16950 | Lair:1   | Reached XP level 11. HP: 40/40 MP: 7/19
 18330 | Lair:2   | Reached skill level 1 in Conjurations
 18668 | Lair:2   | Reached skill level 1 in Fighting
 19628 | Lair:2   | Found a staircase to the Snake Pit.
 20586 | Lair:3   | Noticed an oklob plant
 20633 | Lair:3   | Gained mutation: Your thick and shaggy fur keeps you warm.
                  | (AC +3, rC+) [Felid growth]
 20633 | Lair:3   | Reached XP level 12. HP: 24/49 MP: 2/20
 22028 | Lair:3   | Bought the ring of Nupuhaatuh {rElec MR+ rCorr Str+3
                  | Slay+5} for 735 gold pieces
 22458 | Lair:4   | Reached skill level 5 in Fighting
 22651 | Lair:4   | Noticed a seven-headed hydra
 22667 | Lair:4   | Killed a seven-headed hydra
 22667 | Lair:4   | Reached skill level 5 in Conjurations
 22765 | Lair:4   | Found a staircase to the Swamp.
 22840 | Lair:4   | Reached skill level 10 in Evocations
 23484 | Lair:4   | Found a glowing silver altar of Zin.
 24323 | Lair:5   | Noticed Kirke
 24374 | Lair:5   | Killed Kirke
 25505 | Lair:5   | Got a brightly glowing zirconium amulet
 25511 | Lair:5   | Identified the amulet of the Messenger {RegenMP *Corrode
                  | rF+++ MR+ Str-2} (You found it on level 5 of the Lair of
                  | Beasts)
 25646 | Lair:5   | Noticed a death yak
 25647 | Lair:5   | Noticed a death yak
 25654 | Lair:5   | Noticed a death yak
 25666 | Lair:5   | Killed a death yak
 25666 | Lair:5   | Killed a death yak
 25752 | Lair:5   | Found a staircase to the Slime Pits.
 25800 | Lair:5   | Killed a death yak
 25931 | Lair:5   | Reached XP level 13. HP: 49/57 MP: 10/21
 26353 | Lair:6   | Entered Level 6 of the Lair of Beasts
 26930 | Lair:6   | Reached skill level 11 in Dodging
 27322 | Lair:6   | Found a large runed translucent door.
 27411 | Lair:6   | Noticed a fire dragon
 27671 | Lair:6   | Found a large runed translucent door.
 29013 | Lair:6   | Killed a fire dragon
 29261 | D:11     | Upgraded the game from 0.26-a0-599-gc8f6553d2c to
                  | 0.26-a0-602-gd42a14c23b
 29303 | Orc:1    | Entered Level 1 of the Orcish Mines
 29303 | Orc:1    | Found a roughly hewn altar of Beogh.
 29674 | Orc:1    | Noticed Josephine
 29682 | Orc:1    | Killed Josephine
 29869 | Orc:2    | Entered Level 2 of the Orcish Mines
 29945 | Orc:1    | Noticed Nergalle
 29952 | Orc:1    | Killed Nergalle
 29994 | Orc:1    | Found a runed translucent gate.
 29994 | Orc:1    | Identified the +9 great sword "Jorghiott" {freeze, rC+
                  | Str+3 Dex-5}
 29995 | Orc:1    | Found a runed translucent gate.
 29995 | Orc:1    | Noticed Nin Qimu's ghost (journeyman DrCj)
 29996 | Orc:1    | Found a runed translucent gate.
 29996 | Orc:1    | Found a roughly hewn altar of Beogh.
 30200 | Orc:1    | Noticed an orc warlord
 30221 | Orc:1    | Killed an orc warlord
 30221 | Orc:1    | Reached XP level 14. HP: 57/64 MP: 5/25
 30256 | Orc:1    | Found a roughly hewn altar of Beogh.
 30532 | Orc:1    | Reached skill level 12 in Dodging
 31041 | Orc:2    | Found a staircase to the Elven Halls.
 31450 | Orc:2    | Found Ynuemes's Magic Scroll Emporium.
 31451 | Orc:2    | Found Tad Ygin's Magic Scroll Shoppe.
 31697 | Orc:2    | Bought a scroll of identify for 36 gold pieces
 31697 | Orc:2    | Bought a scroll of identify for 36 gold pieces
 31697 | Orc:2    | Bought a scroll of fear for 63 gold pieces
 31697 | Orc:2    | Bought a scroll of identify for 36 gold pieces
 31699 | Orc:2    | Reached skill level 10 in Fighting
 31699 | Orc:2    | Reached XP level 15. HP: 58/70 MP: 27/27
 31703 | Orc:2    | Bought a scroll of summoning for 142 gold pieces
 32127 | Orc:1    | Learned a level 5 spell: Metabolic Englaciation
 32370 | Orc:2    | Reached skill level 1 in Hexes
 32887 | Orc:2    | HP: 1/70 [orc high priest/+0 flail (7)]
 33451 | Orc:2    | Found Ufiosamn's Antique Armour Boutique.
 33451 | Orc:2    | Found Jeufer's Book Shop.
 33451 | Orc:2    | Found a one-way gate leading to the halls of Pandemonium.
 33493 | Orc:2    | Bought a book of Burglary for 900 gold pieces
 33493 | Orc:2    | Bought a book of Summonings for 840 gold pieces
 34039 | D:9      | Bought a book of Ice for 1040 gold pieces
 34046 | D:9      | Learned a level 6 spell: Ozocubu's Refrigeration
 34246 | D:12     | Reached skill level 5 in Hexes
 34314 | D:12     | Found a runed translucent gate.
 34334 | D:12     | Found a runed translucent gate.
 34334 | D:12     | Found a runed translucent gate.
 34334 | D:12     | Noticed DarkMoon's ghost (journeyman DDNe)
 35756 | D:13     | Found a gate leading to a gauntlet.
 35764 | Gauntlet | Entered a Gauntlet
 35764 | Gauntlet | Found a transporter.
 35843 | Gauntlet | Found a transporter.
 35854 | Gauntlet | Found a transporter.
 35859 | Gauntlet | Found a transporter.
 35874 | Gauntlet | Found a transporter.
 35893 | Gauntlet | Found a transporter.
 35905 | Gauntlet | Found a transporter.
 35917 | Gauntlet | Found a transporter.
 35929 | Gauntlet | Found a transporter.
 35937 | Gauntlet | Found a large runed translucent door.
 35938 | Gauntlet | Found a large runed translucent door.
 35939 | Gauntlet | Found a large runed translucent door.
 35939 | Gauntlet | Found a large runed translucent door.
 35940 | Gauntlet | Found a runed translucent gate.
 35941 | Gauntlet | Found a transporter.
 35941 | Gauntlet | Found a runed translucent gate.
 35942 | Gauntlet | Found a runed translucent gate.
 35943 | Gauntlet | Found a large runed translucent door.
 35943 | Gauntlet | Found a large runed translucent door.
 35944 | Gauntlet | Found a large runed translucent door.
 35945 | Gauntlet | Found a large runed translucent door.
 35954 | Gauntlet | Found a large runed translucent door.
 35954 | Gauntlet | Found a large runed translucent door.
 35954 | Gauntlet | Found a runed translucent door.
 35954 | Gauntlet | Found a runed translucent door.
 35955 | Gauntlet | Found a large runed translucent door.
 35956 | Gauntlet | Found a large runed translucent door.
 35958 | Gauntlet | Found a transporter.
 35966 | Gauntlet | Found a large runed translucent door.
 35966 | Gauntlet | Found a large runed translucent door.
 35967 | Gauntlet | Found a large runed translucent door.
 35968 | Gauntlet | Found a large runed translucent door.
 35976 | Gauntlet | Found a transporter.
 35978 | Gauntlet | Found a transporter.
 36004 | Gauntlet | Found a transporter.
 36006 | Gauntlet | Found a transporter.
 36026 | Gauntlet | Found a transporter.
 36126 | Gauntlet | Found a transporter.
 36574 | Gauntlet | Found a transporter.
 36737 | Gauntlet | Got a vibrating lapis lazuli ring
 36741 | Gauntlet | Identified the ring of Pivyevei {rF+ rC+ rN+ Int+4} (You
                  | found it in a Gauntlet)
 36775 | Gauntlet | Got a translucent sapphire amulet
 36776 | Gauntlet | Identified the amulet of Tomorrow {Reflect Str+3 SH+5} (You
                  | found it in a Gauntlet)
 37640 | D:14     | Noticed Jorgrun
 37663 | D:14     | Killed Jorgrun
 38529 | D:14     | Found Esoegi's Distillery.
 38532 | D:14     | Bought a potion of heal wounds for 70 gold pieces
 38532 | D:14     | Bought a potion of heal wounds for 70 gold pieces
 38532 | D:14     | Bought a potion of heal wounds for 70 gold pieces
 38532 | D:14     | Bought a potion of curing for 42 gold pieces
 38532 | D:14     | Bought a potion of magic for 112 gold pieces
 38564 | D:14     | Found a gate to the Vaults.
 38725 | D:15     | Entered Level 15 of the Dungeon
 38928 | D:15     | Reached XP level 16. HP: 17/73 MP: 4/30
 38937 | D:15     | Found a staircase to the Depths.
 39022 | D:15     | Found a frozen archway.
 39028 | IceCv    | Entered an ice cave
 39207 | IceCv    | Learned a level 6 spell: Invisibility
 39214 | IceCv    | Learned a level 5 spell: Silence
 40293 | IceCv    | HP: 2/73 [ice devil (7)]
 41276 | D:15     | Identified a scroll of acquirement
 41276 | D:15     | Acquired 2120 gold pieces
 42256 | D:15     | Found a portal to a secret trove of treasure.
 42325 | D:15     | Found a white marble altar of Elyvilon.
 42561 | Orc:2    | Bought a scroll of fog for 30 gold pieces
 42561 | Orc:2    | Bought a scroll of fog for 30 gold pieces
 42781 | D:15     | You paid a toll of 6 scrolls of fog to enter a treasure
                  | trove
 42782 | Trove    | Entered a treasure trove
 42827 | Trove    | Got a bound bone amulet
 42829 | Trove    | Got a sparkling diamond amulet
 42831 | Trove    | Got a heavily runed iron amulet
 42895 | D:15     | Identified the amulet "Pimueni" {Reflect *Slow rElec Int-3
                  | SH+5 SInv} (You found it in a treasure trove)
 42897 | D:15     | Identified the amulet of Dicod {Inacc rF+} (You found it in
                  | a treasure trove)
 42899 | D:15     | Identified the amulet of the Open Hand {Faith Str+2} (You
                  | found it in a treasure trove)
 42903 | D:15     | Reached XP level 17. HP: 77/77 MP: 31/31
 42904 | D:15     | Reached skill level 10 in Spellcasting
 42904 | D:15     | Reached XP level 18. HP: 81/81 MP: 31/33
 42911 | D:15     | Learned a level 5 spell: Lee's Rapid Deconstruction
 43341 | D:15     | Reached skill level 1 in Earth Magic
 44035 | Swamp:1  | Entered Level 1 of the Swamp
 44894 | Swamp:1  | Reached skill level 13 in Dodging
 47210 | Swamp:2  | Reached skill level 5 in Earth Magic
 49308 | Swamp:3  | Noticed Nikola
 49326 | Swamp:3  | Killed Nikola
 50369 | Swamp:4  | Entered Level 4 of the Swamp
 50533 | Swamp:4  | Reached skill level 14 in Dodging
 51788 | Swamp:4  | Found a basalt altar of Yredelemnul.
 51837 | Swamp:4  | Reached skill level 10 in Stealth
 51837 | Swamp:4  | Reached skill level 10 in Unarmed Combat
 52234 | Swamp:4  | Found a blossoming altar of Fedhas.
 52375 | Swamp:4  | Got a decaying rune of Zot
 52443 | Swamp:4  | Reached XP level 19. HP: 85/85 MP: 17/34
 52507 | Swamp:4  | Noticed Louise
 52524 | Swamp:4  | Killed Louise
 53013 | Snake:1  | Entered Level 1 of the Snake Pit
 53437 | Snake:1  | Reached skill level 1 in Air Magic
 54269 | Snake:1  | Found Sucruf's Gadget Boutique.
 54269 | Snake:1  | Found Kekeeczi's Jewellery Shoppe.
 54270 | Snake:1  | Found Siesucw's Gadget Boutique.
 54276 | Snake:1  | Bought a wand of paralysis (12) for 224 gold pieces
 54276 | Snake:1  | Bought a wand of acid (10) for 448 gold pieces
 54849 | Snake:2  | Found Moneepeq's Magic Scroll Boutique.
 54853 | Snake:2  | Found Puipp's Book Boutique.
 54853 | Snake:2  | Found Roptaekk's Distillery.
 54856 | Snake:2  | Bought a scroll of blinking for 112 gold pieces
 54856 | Snake:2  | Bought a scroll of summoning for 142 gold pieces
 54857 | Snake:2  | Found Dumoigom's Magic Scroll Boutique.
 54859 | Snake:2  | Bought a book of the Earth for 1040 gold pieces
 55059 | Snake:2  | Bought a scroll of teleportation for 51 gold pieces
 55059 | Snake:2  | Bought a scroll of fog for 34 gold pieces
 55975 | Snake:2  | Noticed Agnes
 55983 | Snake:2  | Killed Agnes
 56610 | Snake:2  | Reached skill level 10 in Earth Magic
 57885 | Snake:3  | Identified the amulet of Osiopurph {Faith rN+}
 58153 | Snake:3  | Found Iwo Usi's Jewellery Emporium.
 58153 | Snake:3  | Found Heimel's Magic Scroll Shoppe.
 58581 | Snake:3  | Shot with an arrow by a naga sharpshooter
 58582 | Snake:3  | Reached XP level 18. HP: -7/81 MP: 20/33
 58597 | Snake:3  | Found Piucw's Jewellery Boutique.
 59475 | Snake:4  | Entered Level 4 of the Snake Pit
 59680 | Snake:4  | Slain by a black mamba
 59681 | Snake:4  | Reached XP level 17. HP: -5/77 MP: 10/32
 59967 | Snake:4  | Reached skill level 5 in Air Magic
 60789 | Snake:4  | Reached XP level 18. HP: 80/81 MP: 1/33
 61874 | Snake:4  | Got a serpentine rune of Zot
 62436 | Vaults:1 | Entered Level 1 of the Vaults
 62807 | Vaults:1 | Found Gerilasa's Jewellery Boutique.
 65053 | Vaults:1 | HP: 4/81 [poisoned by a wolf spider]
 65059 | Vaults:1 | HP: 3/81 [poisoned by a wolf spider]
 65067 | Vaults:1 | HP: 3/81 [poisoned by a wolf spider]
 65994 | Vaults:1 | Identified the +3 chain mail "Heacrel" {Regen+}
 66270 | Vaults:1 | Learned a level 6 spell: Iron Shot
 66680 | Vaults:2 | Noticed a lich
 67283 | Vaults:2 | Blown up by a lich

Illustrated notes

Levels and vault maps discovered:
D:1:      minmay_arrival_semitransparent, layout_rooms
D:2:      layout_basic, minmay_fractal_squares_5
D:3:      layout_loops_ring
D:4:      layout_layer_cave, evilmike_ruin_ashenzari,
          minmay_temple_entry_statues_fountains, glass_columns_b, uniq_ijyb,
          uniq_menkaure
D:5:      kennysheep_steamy, layout_basic, marbit_many_paths, serial_shops,
          nicolae_shop_temple_entry_statues_fountains, uniq_prince_ribbit1
D:6:      layout_basic, kb_xom_exploding_sheep, grunt_ministairs_6,
          zaba_anthole, uniq_duvessa, uniq_crazy_yiuf_cottage,
          uniq_blork_the_orc, uniq_grinder
D:7:      layout_rooms, nicolae_ru_path_of_blood
D:8:      layout_gridville, uniq_erica
D:9:      layout_basic, gammafunk_temple_overflow_pools, david_orc_3,
          serial_shops, nicolae_shop_waterfront, minmay_ruffians, uniq_harold,
          uniq_grum
D:10:     layout_rooms, yredelemnul_altar_generic, uniq_sonja
D:11:     layout_cave_pods, lair_entry_dummy, serial_column_ruins,
          column_ruins_hut_ruined, column_ruins_columns_T, column_ruins_grid_1,
          column_ruins_grid_4, column_ruins_open_small,
          column_ruins_corridor_straight, column_ruins_open_medium_water,
          gammafunk_ghost_necromancy
D:12:     minmay_angry_zag, layout_rooms, ebering_ghost_rock_garden,
          serial_curves, eino_curves_02, eino_curves_01
D:13:     layout_cave_pools, gauntlet_entry_generic, minmay_tree_intersection
D:14:     layout_irregular_city, david_vaults_1, serial_shops,
          nicolae_shop_behind_doors, roderic_serpentine_path, uniq_jorgrun
D:15:     gammafunk_depths_entry_grave, layout_loops_corners, elyvilon_altar_4,
          portal_ice_cave_entry_pillars_1, nicolae_trove_entry_crossroad,
          minmay_shattered_shrine
Temple:   compressed_dpeg_circular_temple
Lair:1:   layout_loops_ring, special_room [special_room_bee]
Lair:2:   layout_chaotic_city, guppyfry_snake_entry_island, serial_bayou,
          serial_bayou_pond_b, serial_bayou_crossing, serial_bayou_ford_a,
          serial_bayou_lake_a
Lair:3:   layout_chaotic_city, serial_rivers, chequers_serial_rivers_micro_b,
          chequers_serial_rivers_micro_c, chequers_serial_rivers_small_a,
          chequers_serial_rivers_micro_c, chequers_serial_rivers_micro_e,
          chequers_serial_rivers_room_a, grunt_megastairs_1,
          serial_bayou_shore_b, minmay_lair_oklob_chamber
Lair:4:   layout_layer_cave, swamp_mist, lemuel_centaur_altar,
          serial_bayou_shore_b
Lair:5:   layout_loops_ring, minmay_slime_entry_pillars, serial_bayou_shore_a,
          uniq_kirke
Lair:6:   cheibrodos_lair_end_hotspot, layout_concentric_octagons, special_room
          [special_room_mythical_zoo], serial_bayou_shore_b
Swamp:1:  layout_basic_swamp, evilmike_swamp_ruin_house_3, swamp_pool5,
          lightli_tree_ring
Swamp:2:  layout_basic_swamp, evilmike_swamp_ruin_wall
Swamp:3:  layout_falls_marsh, nicolae_swamp_triple_paths, uniq_nikola
Swamp:4:  byrel_swamp_growth_death_and_undeath, layout_basic_swamp, swamp_pool1,
          uniq_louise
Snake:1:  layout_misc_corridors, serial_bayou_shore_b, minmay_shop_grove
Snake:2:  onia_ninara_swampy_vault, layout_cave_town, minmay_shop_grid_forest,
          uniq_agnes
Snake:3:  layout_misc_corridors, serial_shops, shop, minmay_shoptagon
Snake:4:  snake_pit, layout_cave_town
Orc:1:    nicolae_orc_accident_2, layout_caves, basic_altar,
          biasface_ghost_orc_armoury, uniq_nergalle, uniq_josephine
Orc:2:    pf_orc_diabolical, layout_caves, mines4_lemuel
Vaults:1: vaults_dpeg_cross, nicolae_vaults_diagonal_hallway_8, v_misc_4,
          v_misc_26, v_misc_31, v_misc_16, ontoclasm_vaults_chip,
          special_room_vaults [special_room_orc], nicolae_vaults_network_star,
          v_misc_24, vaults_room_grunt_arrival_checkpoint, v_alt_pattern_3,
          grunt_vaults_hallway_long, vaults_room_grid, layout_vaults_omnicross,
          serial_shops, shop
Vaults:2: st_octagons_1, nicolae_vaults_asterisk, v_misc_5,
          nicolae_vaults_little_squares_5, v_misc_3, v_misc_26, v_misc_1,
          grunt_vaults_funnel, vaults_mumra_hex, nicolae_vaults_gold_heap,
          vaults_dpeg_diagonal, grunt_vaults_focal, layout_vaults_ring,
          serial_shops, shop

Skill      XL: |  1  2  3  4  5  6  7  8  9 10 11 12 13 14 15 16 17 18 19 |
---------------+----------------------------------------------------------+-----
Dodging        | 3 4 6 8 9 10 11 12 14 | 14.0
Stealth        | 3 4 5 10 | 10.0
Ice Magic      | 4 6 7 8 10 11 12 13 | 13.0
Unarmed Combat | 1 2 3 4 5 7 8 9 12 11 | 12.8
Spellcasting   | 3 4 5 7 9 10 12 | 12.2
Summonings     | 2 4 |  4.0
Evocations     | 6 7 9 10 | 10.0
Conjurations   | 3 6 8 9 |  9.8
Fighting       | 3 7 9 10 | 10.5
Hexes          | 8 12 | 12.2
Earth Magic    | 13 10 | 13.3
Air Magic      | 5 6 4 |  6.0

Action                   |  1- 3 |  4- 6 |  7- 9 | 10-12 | 13-15 | 16-18 | 19-21 || total
-------------------------+-------+-------+-------+-------+-------+-------+-------++-------
Melee: Unarmed           |    24 |   104 |   161 |   303 |   328 |   754 |   189 ||  1863
       Bite              |       |    10 |     9 |    19 |    41 |    82 |    15 ||   176
       Punch             |       |       |     1 |    12 |     9 |    40 |     5 ||    67
 Cast: Freeze            |    47 |    68 |    62 |    53 |    39 |     3 |       ||   272
       Frozen Ramparts   |     3 |    15 |    50 |    77 |    93 |    44 |    22 ||   304
       Ozocubu's Armour  |       |     2 |    11 |    12 |     5 |     6 |       ||    36
       Summon Ice Beast  |       |       |    15 |   100 |   124 |   213 |    21 ||   473
       Hailstorm         |       |       |       |     8 |    94 |   134 |    17 ||   253
       Ozocubu's Refrige |       |       |       |       |     7 |   159 |    33 ||   199
       Metabolic Englaci |       |       |       |       |     1 |       |       ||     1
       Invisibility      |       |       |       |       |       |     6 |       ||     6
       Lee's Rapid Decon |       |       |       |       |       |    36 |       ||    36
Invok: Call Merchant     |       |       |     1 |     1 |     1 |       |       ||     3
       Potion Petition   |       |       |       |       |       |     1 |       ||     1
       Bribe Branch      |       |       |       |       |       |     1 |       ||     1
Evoke: Wand              |       |       |    10 |    15 |    23 |    26 |       ||    74
       Lightning rod     |       |       |       |     9 |     6 |     5 |       ||    20
       Box of beasts     |       |       |       |       |     1 |     4 |       ||     5
       Tin of tremorston |       |       |       |       |       |     1 |       ||     1
       Condenser vane    |       |       |       |       |       |     1 |       ||     1
  Use: Scroll            |       |    13 |     8 |    10 |    10 |    17 |     3 ||    61
       Potion            |       |     1 |     3 |     3 |     9 |    11 |       ||    27
 Stab: Sleeping          |       |    14 |    10 |    17 |     7 |    30 |    14 ||    92
       Distracted        |       |     1 |     1 |     7 |    11 |    19 |     1 ||    40
       Paralysed         |       |       |     1 |     3 |     3 |     6 |       ||    13
       Invisible         |       |       |       |       |     1 |    13 |       ||    14
       Confused          |       |       |       |       |       |     1 |       ||     1
       Petrified         |       |       |       |       |       |     1 |       ||     1
Armor: Skin              |     3 |    13 |    24 |    30 |    11 |    46 |     6 ||   133
Dodge: Dodged            |    62 |   154 |   213 |   454 |   552 |   891 |   192 ||  2518

Table legend: (Time is in decaauts)
 A = Elapsed time spent in this place.
 B = Non-inter-level travel time spent in this place.
 C = Inter-level travel time spent in this place.
 D = Time resting spent in this place.
 E = Time spent auto-exploring this place.
 F = Levels seen in this place.
 G = Mean time per level.
                   A        B        C        D        E       F      G
               +--------+--------+--------+--------+--------+-----+--------+
         Total |  61896 |  59878 |   2018 |  15323 |  33766 |  37 | 1672.9 |
       Dungeon |  21197 |  20240 |    957 |   5271 |  10835 |  15 | 1413.1 |
        Temple |    102 |     72 |     30 |      0 |     69 |   1 |  102.0 |
          Lair |  11599 |  11069 |    530 |   1760 |   7652 |   6 | 1933.2 |
         Swamp |   8570 |   8415 |    155 |   2113 |   4936 |   4 | 2142.5 |
     Snake Pit |   8601 |   8424 |    177 |   1737 |   5496 |   4 | 2150.2 |
  Orcish Mines |   4105 |   3951 |    154 |   1239 |   1720 |   2 | 2052.5 |
        Vaults |   4490 |   4478 |     12 |   1133 |   2590 |   2 | 2245.0 |
         Trove |     70 |     70 |      0 |      0 |     58 |   1 |   70.0 |
      Ice Cave |   2135 |   2135 |      0 |   1650 |     84 |   1 | 2135.0 |
      Gauntlet |   1022 |   1022 |      0 |    417 |    323 |   1 | 1022.0 |
               +--------+--------+--------+--------+--------+-----+--------+

Top non-repeatable levels by time:
Vaults:1: 3709 daAuts
 Swamp:1: 2983 daAuts
 Snake:2: 2869 daAuts
     D:6: 2790 daAuts
  Lair:6: 2567 daAuts
   Orc:2: 2522 daAuts
    D:15: 2303 daAuts
 Swamp:4: 2140 daAuts
   IceCv: 2135 daAuts
 Snake:3: 2108 daAuts
 Snake:4: 2073 daAuts
  Lair:4: 2025 daAuts
  Lair:5: 2008 daAuts
     D:9: 1804 daAuts
     D:5: 1787 daAuts
